 Dungeon Crawl Stone Soup version 0.17-a0-1435-geafbe2f (webtiles) character file.

227242 pulse the Axe Maniac (level 19, -10/191 HPs)
             Began as a Hill Orc Fighter on June 26, 2015.
             Was the Champion of Qazlal.
             Killed from afar by a hellion (18 damage)
             ... with a burst of hellfire
             ... on level 1 of the Abyss on June 27, 2015.
             The game lasted 03:37:22 (36245 turns).

pulse the Axe Maniac (Hill Orc Fighter)            Turns: 36245, Time: 03:37:23

Health: -10/191    AC: 33    Str: 26    XL:     19   Next: 77%
Magic:  20/27      EV:  8    Int: 15    God:    Qazlal [******]
Gold:   955        SH: 24    Dex: 12    Spells: 0 memorised, 18 levels left

rFire  + . .     SeeInvis +     p - +5 war axe of Cadat {chop, *Contam +Fly Int+7 SInv}
rCold  + . .     Clarity  .     N - +8 plate armour {rF+}
rNeg   + . .     SustAt   +     c - +1 shield {rPois}
rPois  +         Gourm    .     Q - +2 helmet
rElec  .         Spirit   .     a - +0 cloak
rCorr  .         Warding  .     L - +1 pair of gloves
rMut   +         Stasis   .     U - +1 pair of boots of the Rabble {rC+ Dex+3}
MR     +....                    F - amulet of resist mutation
Stlth  ..........               G - ring of positive energy
                                w - ring of sustain attributes

@: about to teleport, afraid, very slightly contaminated, non-regenerating,
diseased, repel missiles, drained, somewhat resistant to hostile enchantments,
extremely unstealthy
A: clumsy 1, deterioration 1, robust 1, subdued magic 1
a: Upheaval, Elemental Force, Disaster Area, Renounce Religion, Evoke Flight


You were on level 1 of the Abyss.
You worshipped Qazlal.
Qazlal was exalted by your worship.
You were not hungry.

You visited 7 branches of the dungeon, and saw 34 of its levels.
You visited the Abyss 2 times.
You also visited: Ossuary and Bailey.

You collected 3963 gold pieces.
You spent 3008 gold pieces at shops.

Inventory:

Hand weapons
 p - the +5 war axe of Cadat (weapon) {chop, *Contam +Fly Int+7 SInv}
   (You found it on level 6 of the Dungeon)

   It inflicts extra damage upon your enemies.
   It affects your intelligence (+7).
   It lets you see invisible.
   It lets you fly.
   It causes magical contamination when unequipped.
Armour
 a - a +0 cloak (worn)
 c - a +1 shield of poison resistance (worn)
 L - a +1 pair of gloves (worn)
 N - a +8 plate armour of fire resistance (worn)
 Q - a +2 helmet (worn)
 U - the +1 pair of boots of the Rabble (worn) {rC+ Dex+3}
   (You found it on level 11 of the Dungeon)

   It affects your dexterity (+3).
   It protects you from cold.
Jewellery
 o - an uncursed amulet of the gourmand
 q - an uncursed ring of teleportation
 w - a ring of sustain attributes (left hand)
 B - an uncursed amulet of resist corrosion
 F - an amulet of resist mutation (around neck)
 G - a ring of positive energy (right hand)
 R - an uncursed ring of protection from fire {unknown}
 V - a +4 ring of dexterity
 Y - an uncursed amulet of regeneration
Magical devices
 b - a wand of cold (0)
 t - a wand of digging (9)
 u - a wand of fireball (8)
 z - a wand of lightning (0)
 E - a wand of invisibility (0)
 I - a wand of lightning (0)
 K - a wand of digging (5)
 M - a wand of flame (43)
 P - a wand of fire (5)
Scrolls
 d - 9 scrolls of amnesia
 h - a scroll of fog
 l - 3 scrolls of recharging
 m - 18 scrolls of remove curse
 s - 5 scrolls of blinking
 v - 2 scrolls of fear
 C - 6 scrolls of enchant weapon
 S - 3 scrolls of magic mapping
 Z - 16 scrolls of identify
Potions
 j - 4 potions of brilliance
 n - a potion of cure mutation
 r - a potion of berserk rage
 A - 3 potions of might
 J - a potion of cancellation
 X - a potion of agility
Books
 i - a Necronomicon

   Spells                             Type                      Level
   a - Haunt                          Necromancy/Summoning         7
   b - Borgnjor's Revivification      Necromancy                   8
   c - Death's Door                   Charms/Necromancy            8
   d - Necromutation                  Transmutation/Necromancy     8
 k - a book of Spatial Translocations

   Spells                             Type                      Level
   a - Apportation                    Translocation                1
   b - Blink                          Translocation                2
   c - Shroud of Golubria             Charms/Translocation         2
   d - Portal Projectile              Translocation                3
   e - Teleport Other                 Translocation                3
   f - Passage of Golubria            Translocation                4
 H - a book of Flames

   Spells                             Type                      Level
   a - Flame Tongue                   Conjuration/Fire             1
   b - Throw Flame                    Conjuration/Fire             2
   c - Conjure Flame                  Conjuration/Fire             3
   d - Inner Flame                    Hexes/Fire                   3
   e - Sticky Flame                   Conjuration/Fire             4
   f - Fireball                       Conjuration/Fire             5
Miscellaneous
 T - a phial of floods
 W - a stone of tremors
Comestibles
 e - 8 bread rations
 g - 11 meat rations
 O - 29 fruits


   Skills:
 * Level 16.4(15.8) Fighting
 O Level 27(26.2) Axes
 + Level 13.1(12.5) Armour
 + Level 17.6(17.0) Shields
 - Level 11.0(10.5) Invocations
 + Level 2.0(1.5) Evocations


You had 18 spell levels left.
You didn't know any spells.

Dungeon Overview and Level Annotations

Branches:
Dungeon (15/15)            Temple (0/1) D:7            Lair (5/8) D:8
 Shoals (4/4) Lair:5       Spider (1/4) Lair:5          Orc (4/4) D:10
    Elf (3/3) Orc:3        Vaults (0/5) D:14         Depths (2/5) D:15

Altars:
Cheibriados
Dithmenos
Gozag
Okawaru
Qazlal
Sif Muna
Vehumet
Xom
Beogh

Shops:
D:4 ?}*   D:10 [(   Orc:1 :   Orc:4 [:=[   Elf:2 !   Shoals:3 *   Depths:1 *

Portals:
Hell: Depths:1
Ziggurat: Depths:1

Annotations:
D:4 1 exclusion
Shoals:4 Ilsuiw


Innate Abilities, Weirdness & Mutations

You are clumsy. (Dex -2)
Your body sometimes deteriorates upon taking damage.
You are robust (+10% HP).
Your spells are a little easier to cast, but a little less powerful.


Message History

The hellion is heavily wounded.
The cutting wind hits the orange demon.
The orange demon is heavily wounded.
The cutting wind hits the orange demon.
The orange demon is almost dead.
The blast of ice hits the ancient zyme.
The ancient zyme is almost destroyed.
The ancient zyme is flash-frozen.
You block the hellion's attack.
The eidolon radiates an aura of fear!
You are terrified of the eidolon!
Unknown command.
Press: ? - help, v - describe, . - travel The floor.
You slice the hellion!!
The hellion is almost dead.
You slash the ancient zyme!
You destroy the ancient zyme!
The hellion gestures at you.
The hellfire explodes!
The burst of hellfire engulfs you!
You die...

.#...###§.#.#..#...#
..........#....## ###
#§2#.......#......
#.#§...#..4... .##
##W.WW... .#.... ....
#.###'#.###... .♣
>..###..........# .♣
#§.#§.#24........ .♣ ♣
#..§@.§.......♣♣4♣.x.
#..§§#§#.§#.....♣♣.♣....
. .#.#≈.......♣.♣ .§ #
#§###........♣♣..#.##
#.§#........ ♣... # #§
#..........♣.##
#..........♣ .# ......#
. ♣.♣♣#


You could see an eidolon, an orange demon and a hellion.

Vanquished Creatures
  2 bone dragons (Abyss:1)
  A lich (Abyss:1)
  Asterion (Elf:2)
  An Executioner (Abyss:1)
  2 tentacled starspawn (Abyss:1)
  Polyphemus (Shoals:2)
  3 krakens (Shoals:1)
  Agnes (Elf:2)
  A revenant (Abyss:1)
  A cacodemon (Abyss:1)
  Maud (Lair:5)
  5 deep elf sorcerers
  2 frost giants (Depths:1)
  A fire giant (Depths:2)
  The ghost of 4thArraOfDagon the Cleaver, a powerful TrNe of Qazlal (Elf:3)
  Aizul (Lair:5)
  3 stone giants (Depths:1)
  5 very ugly things
  A starcursed mass (Abyss:1)
  2 deep elf demonologists
  A lorocyproca (Abyss:1)
  2 deep elf annihilators (Elf:3)
  2 deep elf death magi
  A green death (Abyss:1)
  3 merfolk javelineers
  5 merfolk impalers
  2 ettins (Depths:1)
  Erolcha (D:11)
  2 jiangshi (Depths:1)
  Josephine (Orc:4)
  2 great orbs of eyes
  The ghost of HEYYEYAAE the Summoner, a powerful HuAE of Vehumet (Elf:2)
  A vault guard (D:14)
  A rakshasa (D:15)
  A deep elf high priest (Elf:3)
  Harold (Lair:1)
  2 entropy weavers
  2 ice dragons
  A hydra (D:15)
  4 centaur warriors
  An anaconda (shapeshifter) (D:15)
  An alligator snapping turtle (Shoals:2)
  A merfolk avatar (Shoals:1)
  3 catoblepae
  5 ogre magi
  3 merfolk aquamancers
  2 deep troll earth magi
  A deep troll shaman (Depths:1)
  3 satyrs (Shoals:3)
  13 dancing weapons (Elf:2)
  A vampire mage (Depths:1)
  7 death yaks
  2 shock serpents (Depths:1)
  3 tengu warriors
  A hell hog (Abyss:1)
  A thrashing horror (Abyss:1)
  Urug (D:11)
  4 orc high priests
  Sonja (D:14)
  Nergalle (D:11)
  A titan skeleton (Abyss:1)
  The ghost of Zebura the Grappler, an experienced TrMo of Makhleb (Bailey)
  2 fire crabs (Shoals:4)
  3 wretched stars (Abyss:1)
  22 deep elf knights
  An iron troll (Depths:1)
  A shadow wraith (Abyss:1)
  6 deep trolls
  2 spatial maelstroms (Abyss:1)
  2 giant orange brains
  8 deep elf summoners
  8 sea snakes
  A giant orange brain (shapeshifter) (Depths:1)
  13 harpies
  2 necromancers
  Pikel (D:7)
  6 orc knights
  9 deep elf conjurers
  9 hill giants
  A wolf spider zombie (D:15)
  3 wizards
  2 wolf spiders
  13 griffons
  An oklob plant (Lair:5)
  7 cyclopes
  4 orc sorcerers (Orc:4)
  5 fauns (Shoals:3)
  3 water nymphs
  10 manticores
  12 ugly things
  A shining eye (Depths:1)
  5 sirens
  6 worldbinders (Abyss:1)
  An elephant (shapeshifter) (D:15)
  4 elephants (Lair:2)
  A guardian serpent (Abyss:1)
  Maurice (D:11)
  A hornet (Spider:1)
  A sixfirhy (Abyss:1)
  The ghost of EmperorPingu0 the Cudgeler, an experienced MiBe of Trog (Ossuary)
  2 smoke demons (Abyss:1)
  7 spiny frogs
  2 orange demons (Abyss:1)
  A hellion (Abyss:1)
  2 gargoyles (D:15)
  A yaktaur (Depths:1)
  4 komodo dragons
  11 small abominations
  3 tengu conjurers
  3 efreet
  A fire drake (Lair:5)
  A troll (shapeshifter) (D:14)
  4 deep elf priests
  2 demonic crawlers
  A polar bear (Lair:5)
  5 large abominations (Abyss:1)
  2 wind drakes
  4 ancient zymes (Abyss:1)
  4 jumping spiders
  14 two-headed ogres
  5 raiju (Abyss:1)
  Grinder (D:3)
  A boulder beetle (Lair:5)
  31 merfolk
  8 trolls
  11 blink frogs
  5 slime creatures (D:15)
  2 trapdoor spiders
  3 ynoxinuls (Abyss:1)
  A harpy skeleton (Abyss:1)
  4 flying skulls (Abyss:1)
  6 wraiths
  4 snapping turtles
  2 redbacks
  9 water elementals
  2 basilisks
  2 shadows
  2 wyverns
  A golden eye (shapeshifter) (Elf:3)
  A black mamba zombie (Abyss:1)
  3 tarantellas (Spider:1)
  31 yaks
  25 deep elf fighters
  27 deep elf magi
  2 fire bats (Shoals:4)
  A steam dragon (D:14)
  A chaos spawn (Abyss:1)
  20 humans (D:14)
  2 wargs
  3 hungry ghosts
  12 hippogriffs
  A neqoxec (Abyss:1)
  Menkaure (D:4)
  4 wolves (Lair:1)
  A mottled dragon (D:14)
  7 water moccasins
  4 spatial vortices (Abyss:1)
  4 sky beasts
  A soldier ant (shapeshifter) (D:15)
  A wasp (Spider:1)
  3 phantoms
  35 orc warriors
  A sky beast (shapeshifter) (Depths:1)
  2 black bears
  A necrophage (D:5)
  6 porcupines
  4 boggarts
  3 eyes of draining
  29 ogres
  2 slaves (D:7)
  21 centaurs
  3 ice beasts
  17 giant frogs
  11 crocodiles
  2 big kobolds
  3 wyvern zombies
  10 killer bees
  9 scorpions
  13 wights
  3 quasits
  8 crimson imps
  6 hounds
  4 centaur zombies
  3 electric eels (Lair:4)
  4 centaur skeletons
  7 jellies
  3 giant frog zombies
  18 orc priests
  2 giant frog skeletons (D:6)
  A gnoll shaman (D:9)
  3 human zombies (Ossuary)
  An iron imp (Abyss:1)
  A wasp zombie (D:8)
  12 iguanas
  An iguana (shapeshifter) (Elf:3)
  7 worker ants
  26 orc wizards
  A killer bee zombie (D:7)
  2 yak simulacra (Lair:5)
  3 polar bear simulacra (Lair:5)
  3 wolf simulacra (Lair:5)
  26 sheep
  A hound zombie (D:8)
  2 hound skeletons
  3 mummies (Ossuary)
  A worker ant zombie (D:5)
  10 adders
  13 gnolls
  10 river rats (Lair:2)
  2 scorpion zombies (Ossuary)
  3 shadow imps
  3 white imps
  A giant eyeball (Depths:1)
  2 ufetubi (Abyss:1)
  2 adder skeletons (D:6)
  An adder zombie (D:7)
  4 worms
  149 orcs
  16 bats
  A bat zombie (D:8)
  10 giant cockroaches
  18 hobgoblins
  2 ball pythons
  6 giant geckos
  A giant gecko skeleton (D:5)
  6 giant newts
  22 goblins
  A goblin zombie (Ossuary)
  3 hobgoblin zombies
  5 jackals (D:3)
  20 kobolds
  4 kobold zombies (Ossuary)
  A lurking horror (Abyss:1)
  3 orc zombies (Ossuary)
  7 quokkas
  A quokka skeleton (D:8)
  13 rats
  3 river rat simulacra (Lair:5)
  4 bushes
  A crawling corpse (Elf:2)
  48 fungi
  51 plants
  2 starspawn tentacles (Abyss:1)
  7 tentacles (Shoals:1)
  4 tentacle segments (Shoals:1)
1421 creatures vanquished.

Vanquished Creatures (collateral kills)
  A wind drake (Shoals:4)
  A merfolk (Shoals:4)
  A snapping turtle (Shoals:4)
  An orc (D:15)
4 creatures vanquished.

Vanquished Creatures (others)
  Norris (Elf:2)
  A lich (Abyss:1)
  A merfolk impaler (Shoals:4)
  A necromancer (D:14)
  An apocalypse crab (Abyss:1)
  An ancient zyme (Abyss:1)
  A trapdoor spider (Spider:1)
  A deep elf mage (Elf:2)
  A giant frog (D:8)
  A gnoll shaman (D:8)
  An orc priest (Orc:4)
  A worker ant (D:8)
  An ufetubus (Abyss:1)
  A giant gecko (D:8)
  An orc (Orc:4)
  2 kobolds (Bailey)
  A rat (D:8)
  3 fungi
  39 plants
  3 starspawn tentacles (Abyss:1)
  8 starspawn tentacle segments (Abyss:1)
  39 tentacles (Shoals:1)
  734 tentacle segments (Shoals:1)
844 creatures vanquished.

Grand Total: 2269 creatures vanquished

Notes
Turn   | Place    | Note
--------------------------------------------------------------
     0 | D:1      | pulse the Hill Orc Fighter began the quest for the Orb.
     0 | D:1      | Reached XP level 1. HP: 19/19 MP: 1/1
   343 | D:1      | Reached XP level 2. HP: 27/27 MP: 2/2
   729 | D:2      | Reached skill level 4 in Axes
   729 | D:2      | Reached XP level 3. HP: 24/33 MP: 3/3
   828 | D:2      | Found an iron altar of Okawaru.
  1132 | D:2      | Reached skill level 5 in Axes
  1132 | D:2      | Reached XP level 4. HP: 40/40 MP: 4/4
  1398 | D:3      | Reached skill level 6 in Axes
  1480 | D:3      | Noticed Grinder
  1514 | D:3      | HP: 1/40 [Grinder/nerve-wracking pain (14)]
  1774 | D:4      | Found Deorisis's Gadget Shoppe.
  1802 | D:4      | Reached XP level 5. HP: 46/46 MP: 5/5
  2035 | D:4      | Noticed Menkaure
  2042 | D:4      | Killed Menkaure
  2042 | D:4      | Reached skill level 7 in Axes
  2042 | D:4      | Reached XP level 6. HP: 19/52 MP: 6/6
  2507 | D:4      | Noticed a centaur
  2512 | D:4      | Killed a centaur
  2512 | D:4      | Reached skill level 8 in Axes
  2563 | D:4      | Reached XP level 7. HP: 44/60 MP: 7/7
  2625 | D:4      | Found an opulent altar of Gozag.
  2732 | D:4      | Found Pixoudd's Assorted Antiques.
  2735 | D:4      | Bought a potion of heal wounds for 115 gold pieces
  2761 | D:4      | Found Uliocleu's Magic Scroll Shop.
  2767 | D:4      | Bought a scroll of identify for 20 gold pieces
  2767 | D:4      | Bought a scroll of identify for 20 gold pieces
  2920 | D:5      | Entered Level 5 of the Dungeon
  3311 | D:5      | Found a stormy altar of Qazlal.
  3316 | D:5      | Became a worshipper of Qazlal Stormbringer
  3396 | D:5      | Reached skill level 9 in Axes
  3473 | D:5      | Reached skill level 5 in Fighting
  3625 | D:5      | Reached XP level 8. HP: 50/66 MP: 8/8
  4129 | D:5      | Reached skill level 10 in Axes
  4203 | D:5      | Acquired Qazlal's first power
  4820 | D:3      | Reached skill level 5 in Shields
  5141 | D:3      | Killed Grinder
  5141 | D:3      | Reached skill level 5 in Armour
  5231 | D:3      | Gained mutation: You are robust (+10% HP). [potion of mutation]
  5231 | D:3      | Gained mutation: Your spells are a little easier to cast, but a little less powerful. [potion of mutation]
  5231 | D:3      | Gained mutation: Your body sometimes deteriorates upon taking damage. [potion of mutation]
  5440 | D:6      | Reached skill level 11 in Axes
  5445 | D:6      | Got an ancient war axe
  5446 | D:6      | Identified the +5 war axe of Cadat {chop, *Contam +Fly Int+7 SInv} (You found it on level 6 of the Dungeon)
  5557 | D:6      | Reached XP level 9. HP: 78/82 MP: 9/9
  5561 | D:6      | Found a snail-covered altar of Cheibriados.
  5761 | D:6      | Acquired Qazlal's second power
  6017 | D:6      | Reached skill level 12 in Axes
  6181 | D:4      | Bought a cloak for 103 gold pieces
  6301 | D:6      | Found a deep blue altar of Sif Muna.
  6834 | D:7      | Found a staircase to the Ecumenical Temple.
  6862 | D:7      | Noticed Pikel
  6872 | D:7      | Killed Pikel
  6872 | D:7      | Reached skill level 13 in Axes
  6872 | D:7      | Reached XP level 10. HP: 89/94 MP: 10/10
  7089 | D:8      | Found a shimmering altar of Xom.
  7255 | D:8      | Found a sand-covered staircase.
  7262 | Ossuary  | Entered an ossuary
  7262 | Ossuary  | Noticed EmperorPingu0's ghost (experienced MiBe)
  7269 | Ossuary  | Killed EmperorPingu0's ghost
  7269 | Ossuary  | Acquired Qazlal's third power
  7640 | D:8      | Reached skill level 14 in Axes
  7755 | D:8      | Found a staircase to the Lair.
  7861 | D:8      | Found a radiant altar of Vehumet.
  7919 | D:8      | Acquired Qazlal's fourth power
  8861 | D:10     | Entered Level 10 of the Dungeon
  8937 | D:10     | Acquired Qazlal's fifth power
  8944 | D:10     | Noticed an orc knight
  8953 | D:10     | Killed an orc knight
  8953 | D:10     | Reached skill level 15 in Axes
  8978 | D:10     | Reached XP level 11. HP: 70/103 MP: 11/11
  9080 | D:10     | Noticed a hill giant
  9085 | D:10     | Killed a hill giant
  9089 | D:10     | Got a faintly humming chain mail
  9101 | D:10     | Identified the cursed +0 chain mail of Experimentation {*Corrode rPois rF+ Stlth+} (You found it on level 10 of the Dungeon)
  9152 | D:10     | Found a staircase to the Orcish Mines.
  9152 | D:10     | Found Heonick's Armour Emporium.
  9152 | D:10     | Found Qudghor's Weapon Emporium.
  9227 | D:10     | Bought a +2 helmet for 247 gold pieces
  9696 | D:11     | Noticed Maurice
  9716 | D:11     | Killed Maurice
  9741 | D:11     | Got a pair of distressingly furry boots
  9752 | D:11     | Identified the +1 pair of boots of the Rabble {rC+ Dex+3} (You found it on level 11 of the Dungeon)
  9977 | D:11     | Noticed Urug
  9981 | D:11     | Noticed Erolcha
  9983 | D:11     | Paralysed by Erolcha for 7 turns
 10279 | D:11     | Reached skill level 16 in Axes
 10301 | D:11     | Noticed Nergalle
 10326 | D:11     | Killed Nergalle
 10333 | D:11     | Killed Urug
 10512 | D:11     | Killed Erolcha
 10777 | D:10     | Reached skill level 17 in Axes
 10777 | D:10     | Reached XP level 12. HP: 100/115 MP: 12/12
 10897 | Lair:1   | Entered Level 1 of the Lair of Beasts
 11324 | Lair:1   | Noticed Harold
 11811 | Lair:1   | Killed Harold
 12084 | Lair:2   | Noticed a death yak
 12085 | Lair:2   | Noticed a death yak
 12086 | Lair:2   | Noticed a death yak
 12096 | Lair:2   | Killed a death yak
 12107 | Lair:2   | Killed a death yak
 12107 | Lair:2   | Reached skill level 18 in Axes
 12114 | Lair:2   | Killed a death yak
 12158 | Lair:2   | Reached skill level 10 in Fighting
 12158 | Lair:2   | Reached skill level 10 in Shields
 12869 | Lair:2   | Reached skill level 19 in Axes
 12869 | Lair:2   | Reached XP level 13. HP: 116/125 MP: 13/13
 13493 | Lair:3   | Reached skill level 1 in Invocations
 15688 | Lair:5   | Noticed Maud
 15701 | Lair:5   | Killed Maud
 16093 | Lair:5   | Found a hole to the Spider Nest.
 16706 | Lair:5   | Found a staircase to the Shoals.
 16805 | Spider:1 | Entered Level 1 of the Spider Nest
 16813 | Spider:1 | Noticed Aizul
 16813 | Spider:1 | Reached skill level 20 in Axes
 17312 | Orc:1    | Entered Level 1 of the Orcish Mines
 17312 | Orc:1    | Found Gisyodugg's Book Shoppe.
 17335 | Orc:1    | Reached skill level 5 in Invocations
 18035 | Orc:2    | Found a roughly hewn altar of Beogh.
 18272 | Orc:3    | Found a flagged portal.
 18294 | Bailey   | Entered a bailey
 18304 | Bailey   | Noticed Zebura's ghost (experienced TrMo)
 18312 | Bailey   | Killed Zebura's ghost
 18312 | Bailey   | Reached XP level 14. HP: 136/136 MP: 18/18
 18599 | Orc:3    | Found a staircase to the Elven Halls.
 18802 | Orc:4    | Entered Level 4 of the Orcish Mines
 18827 | Orc:4    | Noticed Josephine
 19411 | Orc:4    | Killed Josephine
 19411 | Orc:4    | Reached skill level 10 in Armour
 19673 | Orc:4    | Paralysed by an orc sorcerer for 6 turns
 19902 | Orc:4    | Reached skill level 21 in Axes
 19926 | Orc:4    | Found Tuuguh's Antique Armour Boutique.
 19957 | Orc:4    | Found Roda's Book Shoppe.
 19964 | Orc:4    | Found Sirgh's Jewellery Shoppe.
 19966 | Orc:4    | Found Addora's Antique Armour Boutique.
 19972 | Orc:4    | Bought an uncursed amulet of resist mutation for 560 gold pieces
 19975 | Orc:4    | Bought a glowing helmet for 153 gold pieces
 19999 | Orc:4    | Bought an uncursed amulet of regeneration for 420 gold pieces
 20203 | Elf:1    | Entered Level 1 of the Elven Halls
 20634 | D:4      | Bought a scroll of recharging for 95 gold pieces
 20634 | D:4      | Bought a scroll of identify for 20 gold pieces
 20634 | D:4      | Bought a scroll of magic mapping for 35 gold pieces
 20634 | D:4      | Bought a scroll of remove curse for 30 gold pieces
 20634 | D:4      | Bought 3 scrolls of identify for 60 gold pieces
 20686 | D:4      | Bought a scroll of identify for 46 gold pieces
 20686 | D:4      | Bought a scroll of identify for 46 gold pieces
 21272 | D:12     | Found a shadowy altar of Dithmenos.
 21347 | D:12     | Found a runed door.
 22581 | D:14     | Reached XP level 15. HP: 127/145 MP: 20/20
 22790 | D:14     | Noticed Sonja
 22818 | D:14     | Killed Sonja
 22818 | D:14     | Reached skill level 22 in Axes
 23147 | D:14     | Found a gate to the Vaults.
 23501 | D:15     | Entered Level 15 of the Dungeon
 24253 | D:15     | Found a staircase to the Depths.
 24613 | Depths:1 | Entered Level 1 of the Depths
 24628 | Depths:1 | Noticed a frost giant
 24647 | Depths:1 | Killed a frost giant
 25055 | Lair:5   | Reached skill level 23 in Axes
 25064 | Lair:5   | Killed Aizul
 25077 | Lair:5   | Reached XP level 16. HP: 125/155 MP: 23/23
 25137 | Shoals:1 | Entered Level 1 of the Shoals
 25175 | Shoals:1 | Reached skill level 10 in Invocations
 25202 | Shoals:1 | Noticed a kraken
 25237 | Shoals:1 | Killed a kraken
 25493 | Shoals:1 | Noticed a kraken
 25515 | Shoals:1 | Killed a kraken
 25718 | Shoals:1 | Noticed a kraken
 25736 | Shoals:1 | Killed a kraken
 27204 | Shoals:3 | Noticed Polyphemus
 27218 | Shoals:2 | Killed Polyphemus
 27815 | Shoals:3 | Reached skill level 24 in Axes
 27826 | Shoals:3 | Found Tedwim's Assorted Antiques.
 27838 | Shoals:3 | Bought a scroll of identify for 62 gold pieces
 27838 | Shoals:3 | Bought 2 potions of curing for 186 gold pieces
 27838 | Shoals:3 | Bought a potion of heal wounds for 155 gold pieces
 27838 | Shoals:3 | Bought a potion of heal wounds for 155 gold pieces
 28021 | Shoals:3 | Reached XP level 17. HP: 127/166 MP: 25/25
 28732 | Shoals:4 | Entered Level 4 of the Shoals
 28737 | Shoals:4 | Noticed Mara
 28742 | Shoals:4 | Noticed pulse's illusion
 28769 | Shoals:4 | Reached skill level 1 in Evocations
 28770 | Shoals:4 | Noticed Ilsuiw
 28895 | Shoals:4 | Reached skill level 15 in Shields
 30184 | Depths:1 | Found a gateway to a ziggurat.
 30187 | Depths:1 | Paralysed by a giant eyeball for 4 turns
 30203 | Depths:1 | Paralysed by a giant eyeball for 2 turns
 30224 | Depths:1 | Paralysed by a giant eyeball for 2 turns
 30361 | Depths:1 | Found a gateway to Hell.
 30463 | Depths:1 | Noticed a frost giant
 30475 | Depths:1 | Killed a frost giant
 30713 | Depths:1 | Reached skill level 25 in Axes
 30835 | Depths:1 | Found Kelagg's Serpentskin Sales.
 31285 | Depths:1 | Reached XP level 18. HP: 58/177 MP: 26/26
 32023 | Elf:1    | Noticed a deep elf sorcerer
 32033 | Elf:1    | Killed a deep elf sorcerer
 32316 | Elf:1    | Found a radiant altar of Vehumet.
 32806 | Elf:2    | Found Siubiune's Distillery.
 32817 | Elf:2    | Noticed Norris
 32827 | Elf:2    | Noticed Agnes
 32849 | Elf:2    | Killed Agnes
 32871 | Elf:2    | Killed Norris
 32986 | Elf:2    | Bought a potion of heal wounds for 75 gold pieces
 32986 | Elf:2    | Bought a potion of heal wounds for 75 gold pieces
 32986 | Elf:2    | Bought a potion of agility for 60 gold pieces
 32986 | Elf:2    | Bought a potion of heal wounds for 75 gold pieces
 32986 | Elf:2    | Bought a potion of curing for 45 gold pieces
 32986 | Elf:2    | Bought 2 potions of curing for 90 gold pieces
 32986 | Elf:2    | Bought a potion of might for 60 gold pieces
 33276 | Elf:2    | Reached skill level 26 in Axes
 33403 | Elf:2    | Got a slimy bardiche
 33416 | Elf:2    | Found a huge runed gate.
 33416 | Elf:2    | Found a huge runed gate.
 33416 | Elf:2    | Found a huge runed gate.
 33416 | Elf:2    | Found a huge runed gate.
 33418 | Elf:2    | Found a huge runed gate.
 33460 | Elf:2    | Noticed Asterion
 33663 | Elf:2    | Killed Asterion
 33765 | Elf:2    | Reached skill level 15 in Fighting
 33787 | Elf:2    | Noticed HEYYEYAAE's ghost (powerful HuAE)
 33804 | Elf:2    | Killed HEYYEYAAE's ghost
 34144 | Elf:3    | Entered Level 3 of the Elven Halls
 34144 | Elf:3    | Noticed 4thArraOfDagon's ghost (powerful TrNe)
 34162 | Elf:3    | Killed 4thArraOfDagon's ghost
 34225 | Elf:3    | Cast into the Abyss (a deep elf demonologist)
 34508 | Abyss:1  | Reached XP level 19. HP: 142/187 MP: 27/27
 34599 | Abyss:1  | Noticed a bone dragon
 34623 | Abyss:1  | Killed a bone dragon
 34810 | Abyss:1  | Reached skill level 27 in Axes
 34902 | Abyss:1  | HP: 9/187 [raiju/living lightning (9)]
 34962 | Elf:3    | Escaped the Abyss
 34973 | Elf:3    | Noticed a Brimstone Fiend
 34986 | Elf:3    | Gained mutation: You are clumsy. (Dex -2) [mutagenic glow]
 35568 | Elf:3    | Cast into the Abyss (a ghostly deep elf demonologist)
 35588 | Abyss:1  | Noticed a bone dragon
 35634 | Abyss:1  | Killed a bone dragon
 36109 | Abyss:1  | Noticed a bone dragon
 36242 | Abyss:1  | HP: 2/191 [hellion/burst of hellfire (25)]
 36245 | Abyss:1  | Killed from afar by a hellion

Vault maps used:
D:1:      dpeg_arrival_concentric_ovals
D:2:      lemuel_crystal_altar
D:3:      st_stairs_7, minmay_misc_feat_more_columns, serial_bayou_crossing,
          uniq_grinder
D:4:      old_standard_altar, first_bread, serial_shops, nicolae_shop_trees,
          shop, nicolae_shop_behind_doors, uniq_menkaure
D:5:      kennysheep_little_box
D:6:      led_sif_pool, cheibrodos_worm_habitat, kennysheep_nondescript
D:7:      minmay_temple_entry_fiery, st_stairs_11, kennysheep_diamond,
          uniq_pikel
D:8:      lemuel_crystal_altar, xom_confusion_cloud, lair_0_dummy,
          enter_ossuary_3
D:9:      blue_anna_alchemist
D:10:     orc_david_3
D:11:     hex_large, uniq_nergalle, uniq_maurice, uniq_erolcha, uniq_urug
D:12:     minmay_expanding_circles, nicolae_dithmenos_the_darkroom
D:13:     minmay_misc_feat_x
D:14:     grunt_vaults_entry_tiered, hex_intersection, uniq_sonja
D:15:     gammafunk_enter_depths_forms
Lair:1:   wad_woods_minihive, enter_volcano_2, bh_autumn_forest_stairs,
          uniq_harold
Lair:3:   columned_hall_lemuel, lemuel_fruit_tree
Lair:4:   statuecave_lemuel, wad_woods_river_03, bobbens_ice_dragon_lair,
          serial_bayou_shore_a, grunt_megastairs_3
Lair:5:   minmay_lair_oklob_items, elwin_shoals_entry_rooms,
          spider_nest_entry_web_field, eino_house_with_fridge, uniq_maud
Shoals:3: serial_shops, shop, uniq_polyphemus
Shoals:4: shoals_end_simple, shoals_ilsuiw_alternative, hangedman_shoal_volcano,
          uniq_ilsuiw, uniq_mara
Spider:1: uniq_aizul
Orc:1:    serial_shops, shop
Orc:2:    kennysheep_orc_chapel
Orc:3:    enter_bailey_5, nicolae_orc_pool_cavern
Orc:4:    st_orc_elflike, uniq_josephine
Elf:1:    basic_altar, hangedman_elf_disciples
Elf:2:    serial_shops, nicolae_shop_stone, minivault_24, corexii_checkpoint_a,
          uniq_asterion, uniq_norris, uniq_agnes
Elf:3:    grunt_elf_hall_branching
Depths:1: enter_ziggurat_c, hell_entry, serial_bayou_lagoon_a,
          grunt_ministairs_6, guppyfry_shop_venom
Depths:2: hangedman_stitches_corridor, grunt_hell_entry_dis_mu, serial_shops,
          shop
Ossuary:  ossuary_minmay_scorpions
Bailey:   bailey_axe_1, bailey

Action                   |  1- 3 |  4- 6 |  7- 9 | 10-12 | 13-15 | 16-18 | 19-21 || total
-------------------------+-------+-------+-------+-------+-------+-------+-------++-------
Melee: War axe           |    99 |   138 |   359 |   545 |  1191 |  1243 |   417 ||  3992
Invok: Disaster Area     |       |       |       |       |     2 |     2 |     2 ||     6
       Upheaval          |       |       |       |       |       |     1 |     2 ||     3
 Abil: Evoke Flight      |       |       |       |       |     1 |     9 |       ||    10
Evoke: Wand              |       |     1 |     1 |     1 |     8 |    17 |     4 ||    32
       Stone of tremors  |       |       |       |       |     2 |     1 |     1 ||     4
       Phial of floods   |       |       |       |       |     1 |     1 |       ||     2
  Use: Scroll            |       |     4 |     4 |    20 |    22 |    14 |     9 ||    73
       Potion            |       |     3 |     2 |     5 |    10 |    16 |    14 ||    50
 Stab: Invisible         |       |       |       |       |     2 |     7 |     1 ||    10
       Petrified         |       |       |       |       |       |     1 |       ||     1
  Eat: Chunk             |       |     5 |    12 |     7 |     4 |     4 |       ||    32
       Royal jelly       |       |       |     1 |     2 |       |     1 |       ||     4
       Meat ration       |       |       |       |     1 |     3 |     3 |     2 ||     9
       Bread ration      |       |       |       |     1 |     2 |     2 |       ||     5
       Beef jerky        |       |       |       |       |     5 |     2 |       ||     7
       Fruit             |       |       |       |       |     4 |     4 |     1 ||     9
       Pizza             |       |       |       |       |     2 |       |       ||     2
